 Dungeon Crawl Stone Soup version 0.28.0-53-g5a82cb258f (webtiles) character file.

Game seed: 7569834454425600300

228 DemonSlayer the Firebug (level 5, -2/35 HPs)
             Began as a Demonspawn Fire Elementalist on Aug 20, 2022.
             Slain by a gnoll
             ... wielding a +0 club
              (3 damage)
             ... on level 3 of the Dungeon.
             The game lasted 00:03:54 (3899 turns).

DemonSlayer the Firebug (DsFE)                      Turns: 3899, Time: 00:03:55

Health: -2/35      AC:  2    Str:  9    XL:     5   Next: 70%
Magic:  1/10       EV: 12    Int: 18    God:
Gold:   83         SH:  0    Dex: 15    Spells: 1/11 levels left

rFire   . . .      SeeInvis .   e - +0 short sword
rCold   . . .      Faith    .   (no shield)
rNeg    . . .      Spirit   .   a - +0 robe
rPois   .          Reflect  .   (no helmet)
rElec   .          Harm     .   (no cloak)
rCorr   .          Rampage  .   (no gloves)
Will    .....                   (no boots)
Stlth   +++.......              (no amulet)
HPRegen 0.11/turn               (no ring)
MPRegen 0.12/turn               (no ring)

@: brilliant, weak-willed
A: hooves 1, thin skeletal structure 1, powered by death 1
a: no special abilities


You were on level 3 of the Dungeon.
You visited 1 branch of the dungeon, and saw 4 of its levels.

You collected 83 gold pieces.

Inventory:

Hand Weapons
 e - a +0 short sword (weapon)
Armour
 a - a +0 robe (worn)
Scrolls
 b - 2 scrolls of identify
 d - a scroll of silence {unknown}
 g - a scroll of immolation {unknown}
 i - a scroll of noise {unknown}
Potions
 f - a potion of resistance
 h - a potion of brilliance


   Skills:
 + Level 1.8 Dodging
 + Level 2.4 Stealth
 + Level 3.6 Spellcasting
 + Level 1.9 Conjurations
 + Level 4.3 Fire Magic


You had one spell level left.
You knew the following spells:

 Your Spells              Type           Power      Damage    Failure   Level
a - Foxfire               Conj/Fire      88%        2x1d8     4%          1
b - Scorch                Fire           56%        2d8       3%          2
c - Conjure Flame         Conj/Fire      22%        6-21      13%         3
d - Flame Wave            Conj/Fire      22%        2d7       38%         4

Your spell library contained the following spells:

 Spells                   Type           Power      Damage    Failure   Level
 Inner Flame              Hex/Fire       16%        N/A       19%         3


Dungeon Overview and Level Annotations

Branches:
Dungeon (4/15)
 Temple: D:4-7

Altars:
Ashenzari
Makhleb
Xom
The Shining One


Innate Abilities, Weirdness & Mutations

You have large cloven feet.
You have a somewhat thin skeletal structure. (Dex +2, Stealth+)
You regenerate a little health from kills.


Message History

You miscast Scorch.
You are very lightly contaminated with residual magic.
Nothing appears to happen.
The gnoll hits you from afar with a +0 spear.
The gnoll hits you with a +0 whip!
Flames lash the gnoll.
The gnoll is heavily wounded.
The gnoll's fire resistance burns away.
The gnoll is no longer more vulnerable to fire.
The gnoll barely misses you. x2; The gnoll closely misses you.
You are too depleted to draw on your mana recklessly!
You are too depleted to draw on your mana recklessly!
You are too depleted to draw on your mana recklessly!
You are too depleted to draw on your mana recklessly!
Okay, then.
The gnoll closely misses you. x2; The gnoll completely misses you.
You climb upwards.
There is a stone staircase leading down here.
You don't have enough magic to cast this spell.
You hit the gnoll.
The gnoll is heavily wounded.
The gnoll barely misses you. The gnoll misses you.
The gnoll hits you with a +0 whip.
You hit the gnoll.
The gnoll is heavily wounded.
The gnoll hits you with a +0 club! The gnoll hits you with a +0 whip.
* * * LOW HITPOINT WARNING * * *
You barely miss the gnoll.
The gnoll is heavily wounded.
The gnoll hits you but does no damage. The gnoll hits you with a +0 whip.
* * * LOW HITPOINT WARNING * * *
Your magical contamination has completely faded away.
It was a potion of brilliance.
You feel clever all of a sudden. The gnoll closely misses you.
The gnoll hits you with a +0 whip.
* * * LOW HITPOINT WARNING * * *
As you read the scroll labelled ICLAFA BETSE, it crumbles to dust.
Magic quickly surges around you.
It was a scroll of vulnerability.
The gnoll hits you with a +0 club.
You die...

#.# ########.......## #.#
#..)...... ########
#.###########..###'###
.......#
#.##...........#.....#
######.#
#........###...#.....# #.#
####.###.###.<.#.._..# ###
#.# ###....<......#.....#
..# #.#
#...g.........#.....# #.#
#.######...@.........#######
#.#
#..........g................
#.#
########...............##.##
#.# #............#####.# #.#
###..........# #.# #.#
#......###.## #.# #.#
#.........># #.# #.#
#.########## #.# #.########
#.# #.#


You could see 2 gnolls.

Vanquished Creatures
  A howler monkey (D:2)
  Natasha (twice) (D:2)
  7 adders
  A gnoll (D:4)
  2 worms
  3 dart slugs
  6 orcs
  5 endoplasms
  2 giant cockroaches (D:3)
  4 goblins
  3 hobgoblins
  2 jackals (D:2)
  2 quokkas
  3 ball pythons
  3 bats
  A frilled lizard (D:2)
  3 kobolds
  3 rats
53 creatures vanquished.

Vanquished Creatures (others)
  89 foxfires
  9 fungi (D:2)
  4 plants (D:2)
102 creatures vanquished.

Grand Total: 155 creatures vanquished

Notes
Turn   | Place    | Note
-------+----------+-------------------------------------------
     0 | D:1      | DemonSlayer the Demonspawn Fire Elementalist began the
                  | quest for the Orb.
     0 | D:1      | Reached XP level 1. HP: 13/13 MP: 3/3
   355 | D:1      | Reached skill level 3 in Fire Magic
   397 | D:1      | Gained mutation: You have a somewhat thin skeletal
                  | structure. (Dex +2, Stealth+) [demonic ancestry]
   397 | D:1      | Reached XP level 2. HP: 19/19 MP: 3/5
   401 | D:1      | Learned a level 2 spell: Scorch
   938 | D:2      | Gained mutation: You have large cloven feet. [demonic
                  | ancestry]
   938 | D:2      | Reached XP level 3. HP: 17/24 MP: 1/6
  1679 | D:2      | Noticed Natasha
  1681 | D:2      | Found a faded altar of an unknown god.
  1686 | D:2      | Killed Natasha
  1687 | D:2      | Reached XP level 4. HP: 30/30 MP: 2/7
  2455 | D:2      | Reached skill level 4 in Fire Magic
  2455 | D:2      | Gained mutation: You regenerate a little health from kills.
                  | [demonic ancestry]
  2455 | D:2      | Reached XP level 5. HP: 30/35 MP: 2/9
  2625 | D:2      | Noticed Natasha
  2631 | D:2      | Killed Natasha
  2788 | D:2      | Learned a level 3 spell: Conjure Flame
  3025 | D:3      | Found a broken altar of Ashenzari.
  3133 | D:3      | Found a shimmering altar of Xom.
  3352 | D:3      | Found a burning altar of Makhleb.
  3871 | D:3      | Learned a level 4 spell: Flame Wave
  3898 | D:3      | HP: 1/35 [gnoll/+0 whip (3)]
  3899 | D:3      | Slain by a gnoll

Illustrated notes

Levels and vault maps discovered:
D:1:      kennysheep_arrival_forest, layout_rooms, serial_bayou_crossing
D:2:      layout_loops_corners, dreamdust_ecumenical_altar_grove,
          minmay_misc_feat_five, kennysheep_generic_room_6, uniq_natasha
D:3:      layout_loops_ring, lemuel_crystal_altar,
          mainiacjoe_overflow_catch_the_wave, amcnicky_altar_gilded
D:4:      layout_loops_cross, nicolae_ossuary_entry_monument,
          hangedman_abyss_or_decor_lesser_grid, sigmund_edmund_badplayer,
          uniq_edmund

Skill      XL: |  1  2  3  4 |
---------------+-------------+-----
Fire Magic     | 3 4 |  4.3
Stealth        | 2 |  2.4
Spellcasting   | 3 |  3.6
Dodging        | |  1.8
Conjurations   | |  1.9

Action                   |  1- 3 |  4- 6 || total
-------------------------+-------+-------++-------
Melee: Unarmed           |    10 |       ||    10
       Short sword       |     2 |    13 ||    15
       Kick              |     1 |     4 ||     5
 Cast: Foxfire           |    61 |       ||    61
       Scorch            |     2 |    43 ||    45
  Use: Scroll            |       |     2 ||     2
       Potion            |       |     1 ||     1
 Stab: Sleeping          |       |     4 ||     4
Armor: Robe              |     2 |     1 ||     3
Dodge: Dodged            |    10 |    22 ||    32
